 Dungeon Crawl Stone Soup version 0.21.1-1-g345015f (webtiles) character file.

179 inc the Stinger (level 5, 21/21 HPs)
             Began as a Felid Venom Mage on Mar 4, 2018.
             Quit the game on level 4 of the Dungeon.
             The game lasted 00:07:19 (4438 turns).

inc the Stinger (Felid Venom Mage)                  Turns: 4438, Time: 00:07:19

Health: 21/21      AC:  2    Str:  4    XL:     5   Next: 33%
Magic:  9/9        EV: 18    Int: 19    God:
Gold:   230        SH:  0    Dex: 16    Spells: 7/8 levels left
                                        Lives:  0   Deaths: 1

rFire    . . .     SeeInvis +   (weapon unavailable)
rCold    . . .     Gourm    .   (shield unavailable)
rNeg     . . .     Faith    .   (armour unavailable)
rPois    .         Spirit   .   (helmet unavailable)
rElec    .         Reflect  .   (cloak unavailable)
rCorr    .         Harm     .   (gloves unavailable)
MR       .....                  (boots unavailable)
Stlth    +++.......             (no amulet)
HPRegen  0.07/turn              (no ring)
MPRegen  0.11/turn              (no ring)

@: quick
A: very small, no armour, no weapons or thrown items, stealth, claws 1, fangs 3,
see invisible, carnivore, speed 1, shaggy fur 2, slow metabolism 1, sharp paws
a: no special abilities


You were on level 4 of the Dungeon.
You were not hungry.

You visited 1 branch of the dungeon, and saw 5 of its levels.

You collected 230 gold pieces.

Inventory:

Wands
 n - a wand of paralysis (8)
Scrolls
 d - a scroll of noise {unknown}
 f - a scroll of teleportation {unknown}
 j - 2 scrolls of magic mapping {unknown}
 k - 4 scrolls of identify {unknown}
 l - a scroll of fog {unknown}
 o - a scroll of amnesia {unknown}
 p - a scroll of remove curse {unknown}
 q - a scroll of enchant armour {unknown}
Potions
 c - a potion of invisibility {unknown}
 e - a potion of degeneration
 g - a potion of agility
 h - 2 potions of curing {unknown}
 i - 2 potions of might {unknown}
Books
 a - a Young Poisoner's Handbook

   Spells                             Type                      Level
   a - Sting                          Conjuration/Poison           1
   b - Poisonous Vapours              Poison/Air                   2
   c - Mephitic Cloud                 Conjuration/Poison/Air       3
   d - Olgreb's Toxic Radiance        Poison                       4
   e - Venom Bolt                     Conjuration/Poison           5
 m - a book of Callings

   Spells                             Type                      Level
   a - Summon Small Mammal            Summoning                    1
   b - Call Imp                       Summoning                    2
   c - Call Canine Familiar           Summoning                    3
   d - Summon Guardian Golem          Hexes/Summoning              3
   e - Summon Lightning Spire         Summoning/Air                4
   f - Summon Ice Beast               Ice/Summoning                4
Comestibles
 b - 5 rations
 r - a chunk of flesh


   Skills:
 - Level 2.6 Dodging
 - Level 2.6 Stealth
 - Level 2.0 Spellcasting
 - Level 3.1 Conjurations
 + Level 5.7 Poison Magic


You had 7 spell levels left.
You knew the following spells:

 Your Spells              Type           Power        Failure   Level  Hunger
a - Sting                 Conj/Pois      ###.         2%          1    #......


Dungeon Overview and Level Annotations

Branches:
Dungeon (5/15)
 Temple: D:4-7

Altars:

Annotations:
D:2 Sigmund


Innate Abilities, Weirdness & Mutations

You cannot wear armour.
You are incapable of wielding weapons or throwing items.
Your paws allow you to move quietly. (Stealth)
You have sharp claws.
You have razor-sharp teeth.
You have supernaturally acute eyesight. (SInv)
You are carnivorous and can eat meat at any time.
You cover ground quickly.
You are covered in thick fur. (AC +2)
You have a slow metabolism.
Your sharp claws are effective at attacking unaware monsters.


Message History

You barely miss the orc wizard.
The orc wizard is severely wounded.
The orc wizard hits you but does no damage.
The orc wizard casts a spell at you. The puff of frost hits you!
* * * LOW HITPOINT WARNING * * *
It was a potion of agility.
You feel agile all of a sudden.
The orc wizard hits you but does no damage.
It was a potion of degeneration.
There was something very wrong with that liquid.
You feel weakened.
You feel dopey.
You feel clumsy.
The orc wizard hits you but does no damage.
The orc wizard points at you and mumbles some strange words.
The puff of flame hits you!
Ouch! That really hurt!
You die...
You are now level 5!
You rejoin the land of the living...
Are you sure you want to abandon this character and quit the game? (Confirm with "yes".)

..........##..##......########
..........###.##...##........#
............#..#.#.##........#
...................#.........#
.............#...###.........#
.............##..# #.........#
.............##..# #.........####
............###..###............#
................@.<#............#
............###..###............#
[...........# #..# #............#
............# ##.###............#
............####..##............#
................................#
#######....######..#............#
# #....# #..#............# #
#....######..##############


There were no monsters in sight!

Vanquished Creatures
  An ogre (D:5)
  A scorpion (D:4)
  2 orc wizards (D:5)
  A worker ant (D:4)
  7 adders
  An ooze (D:1)
  6 worms
  A dart slug (D:1)
  5 leopard geckos
  3 giant cockroaches (D:3)
  4 goblins
  7 hobgoblins
  3 jackals (D:4)
  4 ball pythons
  A bat (D:1)
  5 frilled lizards
  A jackal skeleton (D:4)
  6 kobolds
  9 rats
68 creatures vanquished.

Notes
Turn   | Place    | Note
-------+----------+-------------------------------------------
     0 | D:1      | inc the Felid Venom Mage began the quest for the Orb.
     0 | D:1      | Reached XP level 1. HP: 7/7 MP: 4/4
    33 | D:1      | Reached skill level 1 in Conjurations
   535 | D:1      | Reached XP level 2. HP: 11/11 MP: 3/6
  1421 | D:1      | Reached XP level 3. HP: 14/14 MP: 2/7
  1681 | D:2      | Noticed Sigmund
  2141 | D:3      | Reached skill level 3 in Poison Magic
  2220 | D:3      | Reached XP level 4. HP: 18/18 MP: 4/8
  3529 | D:4      | Reached skill level 4 in Poison Magic
  3584 | D:4      | Reached XP level 5. HP: 21/21 MP: 2/9
  4225 | D:5      | Entered Level 5 of the Dungeon
  4257 | D:5      | Noticed an ogre
  4295 | D:5      | Killed an ogre
  4295 | D:5      | Reached skill level 5 in Poison Magic
  4295 | D:5      | Gained mutation: You are covered in thick fur. (AC +2) [Felid growth]
  4295 | D:5      | Reached XP level 6. HP: 24/24 MP: 2/10
  4435 | D:4      | HP: 1/24 [orc wizard/puff of frost (5)]
  4437 | D:4      | Killed from afar by an orc wizard
  4438 | D:4      | Reached XP level 5. HP: -12/21 MP: 0/9
  4438 | D:4      | Quit the game

Skill      XL: |  1  2  3  4  5 |
---------------+----------------+-----
Conjurations   | 1 2 3 |  3.1
Poison Magic   | 3 4 5 |  5.7
Dodging        | |  2.6
Stealth        | |  2.6
Spellcasting   | |  2.0

Action                   |  1- 3 |  4- 6 || total
-------------------------+-------+-------++-------
Melee: Unarmed           |    13 |     6 ||    19
       Bite              |     1 |       ||     1
 Cast: Sting             |    80 |   120 ||   200
  Use: Potion            |       |     2 ||     2
 Stab: Sleeping          |     1 |       ||     1
  Eat: Chunk             |     4 |    10 ||    14
Armor: Skin              |     1 |     3 ||     4
Dodge: Dodged            |    34 |    11 ||    45
